 Dungeon Crawl Stone Soup version 0.21.0-24-g2553a33 (webtiles) character file.

14202 Gorglomux the Blocker (level 11, -4/103 HPs)
             Began as a Deep Dwarf Fighter on Jan 20, 2018.
             Was an Elder of Makhleb.
             Slain by Gorglomux's ghost (12 damage)
             ... on level 12 of the Dungeon.
             The game lasted 00:07:59 (9914 turns).

Gorglomux the Blocker (Deep Dwarf Fighter)          Turns: 9914, Time: 00:08:00

Health: -4/103     AC: 13    Str: 23    XL:     11   Next: 85%
Magic:  7/7        EV: 13    Int:  9    God:    Makhleb [****..]
Gold:   674        SH: 12    Dex: 12    Spells: 10/10 levels left

rFire    . . .     SeeInvis .   a - +0 war axe
rCold    . . .     Gourm    +   c - +0 shield
rNeg     . . .     Faith    .   M - +0 scale mail
rPois    .         Spirit   .   L - +2 helmet
rElec    .         Reflect  .   (no cloak)
rCorr    .         Harm     .   G - +0 pair of gloves
MR       ++...                  (no boots)
Stlth    +.........             i - amulet of the gourmand
HPRegen  0.00/turn              x - ring of stealth
MPRegen  0.10/turn              m - ring of protection from magic

@: non-regenerating
A: damage resistance, heal wounds, sense surroundings 2, no regeneration
a: Heal Wounds, Minor Destruction, Lesser Servant of Makhleb, Major Destruction,
Renounce Religion


You were on level 12 of the Dungeon.
You worshipped Makhleb.
Makhleb was greatly pleased with you.
You were completely stuffed.

You visited 2 branches of the dungeon, and saw 13 of its levels.

You collected 674 gold pieces.

Inventory:

Hand Weapons
 a - a +0 war axe (weapon)
 b - a +1 hand axe of flaming
Armour
 c - a +0 shield (worn)
 G - a +0 pair of gloves (worn)
 L - a +2 helmet (worn)
 M - a +0 scale mail (worn)
Jewellery
 i - an amulet of the gourmand (around neck)
 m - a ring of protection from magic (right hand)
 x - a ring of stealth (left hand)
Wands
 A - a wand of acid (12)
 E - a wand of enslavement (9)
 I - a wand of iceblast (19)
 O - a wand of clouds (5)
 P - a wand of paralysis (12)
 S - a wand of scattershot (8)
Scrolls
 k - 3 scrolls of fear
 n - a scroll of fog
 r - 2 scrolls of enchant weapon
 B - a scroll of blinking
 C - a scroll of enchant armour
 K - 4 scrolls of immolation
 R - 6 scrolls of identify
 T - 7 scrolls of teleportation
 W - 3 scrolls of remove curse
Potions
 d - 2 potions of might
 h - 5 potions of flight
 u - a potion of mutation {!q}
 w - 4 potions of ambrosia
 D - 2 potions of agility {unknown}
 F - a potion of resistance {unknown}
 J - a potion of brilliance {unknown}
 N - 3 potions of degeneration
 Q - 7 potions of curing
 U - 3 potions of heal wounds
 V - 2 potions of magic {unknown}
 X - 2 potions of haste
 Y - 2 potions of invisibility {unknown}
 Z - 3 potions of lignification
Comestibles
 f - 28 rations
 H - 7 chunks of flesh


   Skills:
 + Level 8.0 Fighting
 + Level 9.4 Axes
 + Level 9.5 Armour
 + Level 9.0 Dodging
 + Level 9.6 Shields
 + Level 8.1 Invocations


You had 10 spell levels left.
You didn't know any spells.

Dungeon Overview and Level Annotations

Branches:
Dungeon (12/15)            Temple (1/1) D:5            Lair (0/6) D:9
    Orc (0/2) D:9

Altars:
Cheibriados
Dithmenos
Elyvilon
Fedhas
Gozag
Hepliaklqana
Makhleb
Nemelex Xobeh
Okawaru
Ru
Trog
Uskayaw
Vehumet
Wu Jian
Xom
Yredelemnul
Zin
The Shining One

Shops:
D:7 *   D:11 :

Annotations:
D:12 Gorglomux's ghost, journeyman DDFi


Innate Abilities, Weirdness & Mutations

You are resistant to damage.
You can heal yourself by infusing magical energy.
You passively map the area around you.
You do not regenerate.


Message History

* * * don't die
* * * Gorglomux'butts ghost freezes you!
You are too injured to fight recklessly!!!
You carve Butt's ghost like a ham!
Gorglomux's ghost is severely damaged!
You cut the vampire mosquito into ribbons!
The vampire mosquito misses you!
You block the vampire mosquito's attack!
Gorglomux's ghost hits you!!!!!! * * * don't die
* * * Gorglomux'butts ghost freezes you!!! * * * don't die
* * * Butt closely miss Gorglomux'butts butt!
Gorglomux's ghost is severely damaged!
You chop the vampire mosquito into pieces!
The butt mosquito bites you but does no damage!
The vampire mosquito bites you!
The vampire mosquito draws strength from your injuries!!!
Gorglomux's ghost hits you!!! rip

, , , #....#....... , , ,,
#<...#....... , , , ,, , ,
#....#....... , ,, , ,, ,
#....#....... * , .,
#####+##....##...... * * ,
*..###.....##....##......
, , ,
,........................
,..................[.....
,
,......W@................
, ,
.......y†............... ,
,,........................
................##".....
,,
,,................##......
, *
..###.....##....##...... *
. *#.....########...... *,
, ....... ,#....... , , ,
#.......


You could see a vampire mosquito and Gorglomux's ghost.

Vanquished Creatures
  A hydra (D:8)
  A two-headed ogre (D:9)
  An unseen horror (D:10)
  An orc knight (D:11)
  Pikel (D:9)
  A deep elf mage (D:12)
  Maurice (D:8)
  Psyche (D:8)
  Joseph (D:9)
  A gargoyle (D:10)
  The ghost of Suckerboh the Magician, a novice DEFE of Vehumet (D:6)
  2 trolls (D:11)
  Prince Ribbit (D:8)
  4 slime creatures (D:12)
  2 dream sheep (D:8)
  A hippogriff (D:8)
  A wyvern (D:8)
  6 yaks
  Grum (D:10)
  2 humans (D:8)
  A vampire mosquito (D:12)
  The ghost of Frank the Skirmisher, an amateur OpFi (D:4)
  A basilisk (D:9)
  Duvessa (D:6)
  4 porcupines (D:9)
  A slave (D:9)
  4 orc warriors
  2 ice beasts
  2 sky beasts
  5 ogres
  3 wolves (D:10)
  5 centaurs
  5 crocodiles
  Blork the orc (D:6)
  4 big kobolds
  6 bullfrogs
  A wyvern skeleton (D:8)
  Dowan (D:6)
  2 scorpions
  5 killer bees (D:9)
  5 wights (D:6)
  6 crimson imps
  A spectral bullfrog (D:9)
  3 howler monkeys
  2 bullfrog zombies
  2 jellies
  4 hounds
  4 orc wizards
  A gnoll shaman (D:6)
  6 orc priests
  3 centaur skeletons
  4 iguanas
  Ijyb (D:4)
  A bullfrog skeleton (D:6)
  7 worker ants
  2 hound zombies (D:6)
  2 hound skeletons
  2 worker ant zombies
  5 gnolls (D:6)
  12 adders
  2 shadow imps
  2 adder skeletons
  An adder zombie (D:9)
  2 worms
  3 dart slugs
  10 leopard geckos
  28 orcs
  A ball python (D:1)
  7 bats
  6 giant cockroaches
  5 goblins
  8 hobgoblins
  11 jackals
  4 quokkas
  6 frilled lizards
  2 gnoll zombies (D:5)
  10 kobolds
  A leopard gecko skeleton (D:5)
  A quokka skeleton (D:4)
  9 rats
278 creatures vanquished.

Vanquished Creatures (collateral kills)
  Nergalle (D:11)
  An adder zombie (D:9)
2 creatures vanquished.

Vanquished Creatures (others)
  3 slaves (D:9)
  3 bushes (D:9)
  16 fungi
  7 plants (D:9)
29 creatures vanquished.

Grand Total: 309 creatures vanquished

Notes
Turn   | Place    | Note
-------+----------+-------------------------------------------
     0 | D:1      | Gorglomux the Deep Dwarf Fighter began the quest for the Orb.
     0 | D:1      | Reached XP level 1. HP: 20/20 MP: 1/1
   250 | D:1      | Reached XP level 2. HP: 21/27 MP: 2/2
   774 | D:2      | Reached skill level 1 in Dodging
   814 | D:2      | Reached XP level 3. HP: 20/33 MP: 3/3
   911 | D:2      | Reached skill level 3 in Fighting
   981 | D:2      | Found an opulent altar of Gozag.
   982 | D:2      | Found a sparkling altar of Nemelex Xobeh.
  1042 | D:2      | Reached XP level 4. HP: 31/42 MP: 4/4
  1525 | D:3      | Found an ornate altar of the Wu Jian Council.
  1647 | D:3      | Reached skill level 3 in Axes
  1656 | D:3      | Found a glowing drain.
  1726 | D:3      | Found a snail-covered altar of Cheibriados.
  2104 | D:4      | Noticed Frank's ghost (amateur OpFi)
  2109 | D:4      | Noticed Ijyb
  2113 | D:4      | Killed Frank's ghost
  2113 | D:4      | Reached XP level 5. HP: 45/49 MP: 5/5
  2134 | D:4      | Killed Ijyb
  2134 | D:4      | Reached XP level 6. HP: 42/56 MP: 6/6
  2343 | D:4      | Reached skill level 3 in Dodging
  2501 | D:4      | Found a bloodstained altar of Trog.
  2907 | D:5      | Entered Level 5 of the Dungeon
  2950 | D:5      | Reached XP level 7. HP: 43/64 MP: 7/7
  3081 | D:5      | Found a staircase to the Ecumenical Temple.
  3098 | Temple   | Entered the Ecumenical Temple
  3111 | Temple   | Became a worshipper of Makhleb the Destroyer
  3306 | D:5      | Found a basalt altar of Yredelemnul.
  3478 | D:6      | Noticed Blork the orc
  3485 | D:6      | Killed Blork the orc
  3564 | D:6      | Reached XP level 8. HP: 60/73 MP: 8/8
  3601 | D:6      | Reached skill level 1 in Invocations
  3648 | D:6      | Noticed Suckerboh's ghost (novice DEFE)
  3727 | D:6      | Reached * piety under Makhleb
  3841 | D:6      | Noticed Duvessa
  3841 | D:6      | Noticed Dowan
  3854 | D:6      | Killed Dowan
  3854 | D:6      | Reached skill level 6 in Shields
  3866 | D:6      | Killed Duvessa
  3866 | D:6      | Reached skill level 6 in Armour
  4090 | D:6      | Reached skill level 3 in Invocations
  4147 | D:6      | Reached skill level 6 in Axes
  4154 | D:6      | Gained mutation: You passively map the area around you. [Deep Dwarf growth]
  4154 | D:6      | Reached XP level 9. HP: 48/81 MP: 10/10
  4181 | D:6      | Identified the Volume of Ashen Conjuration
  4339 | D:6      | Found a sacrificial altar of Ru.
  4517 | D:6      | Killed Suckerboh's ghost
  4584 | D:7      | Reached ** piety under Makhleb
  4636 | D:7      | Reached skill level 6 in Dodging
  4727 | D:7      | Found Zin's Purification Station.
  4727 | D:7      | Found a glowing silver altar of Zin.
  5139 | D:7      | Reached skill level 6 in Fighting
  5459 | D:8      | Noticed Prince Ribbit
  5487 | D:8      | Killed Prince Ribbit
  5562 | D:8      | Noticed Psyche
  5579 | D:8      | Killed Psyche
  5715 | D:8      | Reached XP level 10. HP: 63/91 MP: 11/11
  5833 | D:8      | Found an iron altar of Okawaru.
  5946 | D:8      | Noticed Maurice
  5958 | D:8      | Killed Maurice
  5958 | D:8      | Reached skill level 6 in Invocations
  6218 | D:8      | Reached *** piety under Makhleb
  6270 | D:8      | Noticed a three-headed hydra
  6276 | D:8      | Killed a one-headed hydra
  7019 | D:9      | Noticed Pikel
  7028 | D:9      | Reached XP level 11. HP: 64/100 MP: 13/13
  7053 | D:9      | Killed Pikel
  7062 | D:9      | Found a staircase to the Lair.
  7169 | D:9      | Found a staircase to the Orcish Mines.
  7274 | D:9      | Found an ornate altar of the Wu Jian Council.
  7278 | D:9      | Noticed Joseph
  7295 | D:9      | Killed Joseph
  7321 | D:9      | Noticed a two-headed ogre
  7347 | D:9      | Killed a two-headed ogre
  7376 | D:9      | Reached **** piety under Makhleb
  7596 | D:9      | Reached skill level 9 in Shields
  7768 | D:10     | Entered Level 10 of the Dungeon
  7866 | D:10     | Killed an unseen horror
  8056 | D:10     | Noticed Grum
  8073 | D:10     | Killed Grum
  8073 | D:10     | Reached skill level 9 in Armour
  8610 | D:10     | Reached skill level 9 in Axes
  8910 | D:11     | Noticed an orc knight
  8953 | D:11     | Killed an orc knight
  9129 | D:11     | Noticed Nergalle
  9143 | D:11     | Noticed a spectral orc warlord
  9146 | D:11     | Killed Nergalle
  9326 | D:11     | Found Buphoseg's Book Emporium.
  9829 | D:12     | Noticed a deep elf mage
  9848 | D:12     | Killed a deep elf mage
  9848 | D:12     | Reached skill level 9 in Dodging
  9892 | D:12     | Noticed Gorglomux's ghost (journeyman DDFi)
  9914 | D:12     | Slain by Gorglomux's ghost

Skill      XL: |  1  2  3  4  5  6  7  8  9 10 11 |
---------------+----------------------------------+-----
Dodging        | 1 2 3 4 5 6 7 9 |  9.0
Fighting       | 3 4 5 6 7 8 |  8.0
Axes           | 3 4 6 7 8 9 |  9.4
Shields        | 4 5 6 7 8 9 |  9.6
Armour         | 4 5 6 7 8 9 |  9.5
Invocations    | 3 5 7 8 |  8.1

Action                   |  1- 3 |  4- 6 |  7- 9 | 10-12 || total
-------------------------+-------+-------+-------+-------++-------
Melee: War axe           |   110 |   234 |   462 |   601 ||  1407
       Hand axe          |       |       |       |     7 ||     7
Invok: Minor Destruction |       |       |     2 |     5 ||     7
       Lesser Servant of |       |       |       |     1 ||     1
 Abil: Heal Wounds       |     1 |     3 |    21 |    18 ||    43
Evoke: Wand              |       |       |       |     1 ||     1
  Use: Potion            |       |       |     1 |       ||     1
       Scroll            |       |       |    12 |     9 ||    21
 Stab: Confused          |       |       |       |     2 ||     2
       Distracted        |       |       |       |     2 ||     2
  Eat: Chunk             |    13 |     7 |    10 |    15 ||    45
Armor: Scale mail        |    58 |   123 |   198 |   217 ||   596
Dodge: Dodged            |    41 |    99 |   183 |   300 ||   623
Block: Shield            |    62 |   159 |   284 |   392 ||   897
